 Dungeon Crawl Stone Soup version 0.29.1-15-g9cfb28693d (webtiles) character file.

Game seed: 16867580084524912643

3 leafyfresh the Sneak (level 1, -7/16 HPs)
             Began as an Octopode Delver on Mar 14, 2023.
             Mangled by a phantom (8 damage)
             ... on level 5 of the Dungeon.
             The game lasted 00:01:04 (81 turns).

leafyfresh the Sneak (Octopode Delver)                Turns: 81, Time: 00:01:04

Health: -7/16      AC:  1    Str: 11    XL:     1   Next: 50%
Magic:  1/1        EV: 13    Int: 12    God:
Gold:   0          SH:  0    Dex: 13    Spells: 0/0 levels left

rFire   . . .      SeeInvis .   a - +0 short sword
rCold   . . .      Faith    .   (no shield)
rNeg    . . .      Spirit   .   (helmet restricted)
rPois   .          Reflect  .   (no amulet)
rElec   .          Harm     .   (no ring)
rCorr   .          Rampage  .   (no ring)
Will    .....                   (no ring)
Stlth   ++++......              (no ring)
HPRegen 0.05/turn               (no ring)
MPRegen 0.07/turn               (no ring)
                                (no ring)
                                (no ring)

@: no status effects
A: almost no armour, amphibious, 8 rings, camouflage 1, gelatinous body 1,
(nimble swimmer 1), tentacles
a: no special abilities


You were on level 5 of the Dungeon.
You visited 1 branch of the dungeon, and saw 1 of its levels.

Inventory:

Hand Weapons
 a - a +0 short sword (weapon)
Wands
 f - a wand of digging (2)
Scrolls
 b - a scroll of fog
 c - a scroll of teleportation {unknown}
 d - a scroll of fear
Potions
 e - a potion of haste


   Skills:
 + Level 3.0 Fighting
 + Level 2.0 Short Blades
 + Level 2.1 Dodging
 + Level 6.6 Stealth


You couldn't memorise any spells.
You didn't know any spells.
Your spell library was empty.

Dungeon Overview and Level Annotations

Branches:
Dungeon (5/15)
 Temple: D:4-7

Altars:


Innate Abilities, Weirdness & Mutations

You cannot wear most types of armour.
You are amphibious.
You can wear up to eight rings at the same time.
Your skin changes colour to match your surroundings (Stealth+).
Your rubbery body absorbs attacks. (AC +1, EV +1)
((You are camouflaged when in or above water. (Stealth+)))
You have tentacles for arms and can constrict up to eight enemies at once.


Message History

You hear the sound of rushing water.
There is an entrance to a sewer on this level.
Hurry and find it before the portal rusts away!
Welcome, leafyfresh the Octopode Delver.
Will you prevail where others failed? Will you find the Orb of Zot?
Press ? for a list of commands and other information.
Found a scroll labelled COHUZ SAGAY and 5 stones.
Found a stone staircase leading down.
As you read the scroll of magic mapping, it crumbles to dust.
You feel aware of your surroundings.
You sensed 5 altars, and 1 shop/portal.
c - a scroll labelled COHUZ SAGAY You open the door.
There is an open door here.
A worm comes into view.
The helpless worm fails to defend itself.
You puncture the worm! You grab the worm. You tentacle-slap the worm.
You squeeze the worm.
The worm is almost dead.
You constrict the worm.
You kill the worm!
Found a scroll labelled YTARAM URGHEZEOK.
Found a scroll labelled COHUZ SAGAY.
A white imp comes into view.
Found a scale mail.
You hear the slow rusting of a very distant drain.
A phantom comes into view.
You see here a scroll labelled YTARAM URGHEZEOK.
Aiming: Dig
Press: ? - help, Shift-Dir - straight line A rock wall.
The rock shatters into small pieces.
Unknown command.
The phantom hits you.
The phantom blinks!
You blink.
The phantom hits you.
The phantom blinks!
You blink.
The phantom hits you!
Ouch! That really hurt!
* * * LOW HITPOINT WARNING * * *
The phantom hits you!
Ouch! That really hurt!
You die...

#####***##....#*,* #...........
....,,,,,.....##.# #...........
...########[..##.# #...........
.........W..?.##.#####...........
#.#.....####.###.#.........#.####
................................'
#######.####...........###.#.####
,** #.....§..............#.# #
,,** #.###.....@......#####+#**#
,,,***###*#....W..†....#*,,,,,,,*
,,,+,,,,,,#..#####.#####*,,,,,,,*
,,,*,,,,,,##...###.# *,,,,,,,*
,,**,,,,,,*#.#..##.# *,,,,,,,*
,***,,,,,,*#.##..5.######..,,,,,*
+* *,,,,,,*#.#####.........,,,,,+
,***,,,,,,*................,,,,,*
,,,*+*+****########........,,,,,*


You could see a phantom.

Vanquished Creatures
  A worm (D:5)
1 creature vanquished.

Notes
Turn   | Place    | Note
-------+----------+-------------------------------------------
     0 | D:5      | leafyfresh the Octopode Delver began the quest for the Orb.
     0 | D:5      | Reached XP level 1. HP: 16/16 MP: 1/1
    51 | D:5      | Noticed a phantom
    81 | D:5      | Mangled by a phantom

Illustrated notes

Levels and vault maps discovered:
D:5:      minmay_polygon_palace, layout_basic, good_gods_temple_1,
          mainiacjoe_overflow_catwalk_spiral, portal_sewer_entry_f,
          grunt_ministairs_13

Action                   || total
-------------------------++-------
Melee: Short sword       ||     1
       Constrict         ||     1
       Punch             ||     1
       Tentacles         ||     1
Evoke: Wand              ||     1
  Use: Scroll            ||     1
 Stab: Sleeping          ||     1
